 Dungeon Crawl Stone Soup version 0.18.1-47-g9310371 (webtiles) character file.

1080 Gargoylian the Covered (level 8, 0/82 HPs)
             Began as a Demonspawn Abyssal Knight on June 21, 2016.
             Was a Priest of Lugonu.
             Slain by an orc
             ... wielding a +2 dagger of electrocution
              (16 damage)
             ... on level 4 of the Dungeon.
             The game lasted 00:11:45 (5513 turns).

Gargoylian the Covered (Demonspawn Abyssal Knight)  Turns: 5513, Time: 00:11:46

Health: 0/82       AC: 24    Str: 15    XL:     8   Next: 8%
Magic:  0/10       EV:  2    Int: 14    God:    Lugonu [***...]
Gold:   194        SH:  3    Dex: 12    Spells: 0 memorised, 7 levels left

rFire  + . .     SeeInvis .     a - +1 hand axe
rCold  . . .     Gourm    .     (armour currently unavailable)
rNeg   + + +     Faith    .     b - +0 buckler {rPois}
rPois  +         Spirit   +     (helmet currently unavailable)
rElec  .         Dismiss  .     (cloak currently unavailable)
rCorr  .         Reflect  .     (gloves currently unavailable)
SustAt .         Harm     .     (boots unavailable)
MR     .....     NoTele   +     (no amulet)
Stlth  +.........               o - ring of poison resistance
                                e - ring of protection from fire

@: tree-form, not resistant to hostile enchantments, very unstealthy
A: (talons 0), (large bone plates 0), frail 1, magic shield
a: Depart the Abyss, Bend Space, Banish, Renounce Religion


You were on level 4 of the Dungeon.
You worshipped Lugonu.
Lugonu was most pleased with you.
You were not hungry.
You were a tree.
You visited 1 branch of the dungeon, and saw 5 of its levels.
You visited the Abyss 1 time.

You collected 194 gold pieces.

Inventory:

Hand Weapons
 a - a +1 hand axe (weapon)
Missiles
 s - 3 tomahawks (quivered)
Armour
 b - a +0 buckler of poison resistance (worn)
 g - a +0 plate armour (melded)
Jewellery
 e - a ring of protection from fire (left branch)
 o - a ring of poison resistance (right branch)
Wands
 z - a wand of flame (9/48)
Scrolls
 j - 2 scrolls of teleportation
 l - a scroll of remove curse
 m - a scroll of enchant weapon {unknown}
 n - 4 scrolls of identify
 q - 2 scrolls of blinking {unknown}
 u - 2 scrolls of magic mapping {unknown}
 y - a scroll of enchant armour {unknown}
Potions
 d - a potion of heal wounds {unknown}
 f - a potion of ambrosia {unknown}
 i - 3 potions of curing
 k - a potion of resistance {unknown}
 p - a potion of cure mutation {unknown}
 t - a potion of degeneration {unknown}
 w - a potion of flight {unknown}
 x - 2 potions of brilliance {unknown}
Books
 v - a book of Alchemy

   Spells                             Type                      Level
   a - Sublimation of Blood           Necromancy                   2
   b - Ignite Poison                  Fire/Transmutation/Poison    3
   c - Petrify                        Transmutation/Earth          4
   d - Alistair's Intoxication        Transmutation/Poison         5
   e - Irradiate                      Conjuration/Transmutation    5
Comestibles
 c - 4 bread rations
 h - 3 meat rations
 A - a chunk of flesh
 B - 3 mutagenic chunks of flesh


   Skills:
 + Level 5.0 Fighting
 + Level 4.2 Axes
 * Level 6.4 Armour
 + Level 1.5 Dodging
 + Level 1.0 Shields
 + Level 3.3 Invocations


You had 7 spell levels left.
You didn't know any spells.

Dungeon Overview and Level Annotations

Branches:
Dungeon (5/15)             Temple (0/1) D:4

Altars:
Cheibriados
Gozag
Okawaru
Trog
Xom
Zin


Innate Abilities, Weirdness & Mutations

((You have claws for feet.))
((You are partially covered in large bone plates (AC +2, SH +2).))
When hurt, damage is shared between your health and your magic reserves.
You are frail (-10% HP).


Message History

There are monsters nearby!
You closely miss the orc.
The orc wizard shouts!
You claw the orc, but do no damage. You block the orc's attack.
You hit the orc.
The orc is lightly wounded.
The orc barely misses you.
An orc comes into view. It is wielding a club.
You barely miss the orc.
The orc is lightly wounded.
The orc shouts!
The orc hits you but does no damage.
Drink which item? (? for menu, Esc to quit)
You turn into a tree.
Your +0 plate armour melds into your body.
Your roots penetrate the ground.
The orc hits you with a dagger of electrocution.
* * * LOW HITPOINT WARNING * * *
You are electrocuted!
You die...

#########.###'###..###'# ###+###
.......##.###.###..###.# ###.###
....#...............#..# #.#
....#...............#..######.###
....#...............#....#.......
....#...............#....#.......
...##..##.######..####...##..##..
...##+######.###..####...##..####
...........o.o.o♣.#.......#..#...
...._..........o..#.......#..#...
..#####...........#.......'..#...
..#...#...........#.......#..#...
..#..A#...........#.......#..#...
..#...#.÷##..##.####.##..######..
..#####..##..##.####.##..######..
...._...........#..>..#..........
................#.....#..........


You could see an orc wizard and 3 orcs.

Vanquished Creatures
  The ghost of zervinho the Covert, an amateur SpEn of Dithmenos (D:5)
  2 sky beasts (D:5)
  3 ogres
  A centaur (D:5)
  A crimson imp (D:5)
  2 orc priests (D:3)
  3 worker ants (D:5)
  A worker ant zombie (D:5)
  13 adders
  A gnoll (D:4)
  A shadow imp (D:5)
  2 worms
  A dart slug (D:4)
  5 giant geckos
  12 orcs
  7 bats
  9 giant cockroaches
  2 goblins (D:2)
  9 hobgoblins
  6 jackals
  5 kobolds
  2 quokkas
  2 ball pythons
  A giant gecko skeleton (D:4)
  4 giant newts
  8 rats
104 creatures vanquished.

Vanquished Creatures (others)
  An adder (D:5)
1 creature vanquished.

Grand Total: 105 creatures vanquished

Notes
Turn   | Place    | Note
--------------------------------------------------------------
     0 | Abyss:1  | Gargoylian the Demonspawn Abyssal Knight began the quest for the Orb.
     0 | Abyss:1  | Reached XP level 1. HP: 18/18 MP: 2/2
     1 | Abyss:1  | Found a corrupted altar of Lugonu.
    66 | Abyss:3  | Noticed an insubstantial wisp
    66 | Abyss:3  | Noticed an insubstantial wisp
    68 | Abyss:3  | Noticed an insubstantial wisp
    70 | D:1      | Escaped the Abyss
   227 | D:1      | Reached skill level 2 in Armour
   592 | D:1      | Reached * piety under Lugonu
   607 | D:1      | Gained mutation: You have sharp toenails. [demonic ancestry]
   607 | D:1      | Reached XP level 2. HP: 22/24 MP: 3/3
   904 | D:2      | Reached skill level 1 in Dodging
  1114 | D:2      | Found an opulent altar of Gozag.
  1135 | D:2      | Reached XP level 3. HP: 25/29 MP: 5/5
  1604 | D:2      | Gained mutation: When hurt, damage is shared between your health and your magic reserves. [demonic ancestry]
  1604 | D:2      | Reached XP level 4. HP: 31/35 MP: 6/6
  1667 | D:2      | Reached ** piety under Lugonu
  2215 | D:3      | Reached skill level 3 in Armour
  2738 | D:3      | Gained mutation: You are partially covered in large bone plates (AC +2, SH +2). [demonic ancestry]
  2738 | D:3      | Reached XP level 5. HP: 33/42 MP: 7/7
  3162 | D:4      | Found a glowing silver altar of Zin.
  3164 | D:4      | Noticed an angel
  3167 | D:4      | Found a shimmering altar of Xom.
  3269 | D:4      | Found a staircase to the Ecumenical Temple.
  3338 | D:4      | Found a snail-covered altar of Cheibriados.
  3609 | D:4      | Found an iron altar of Okawaru.
  3610 | D:4      | Found a bloodstained altar of Trog.
  3639 | D:4      | Reached *** piety under Lugonu
  3828 | D:5      | Entered Level 5 of the Dungeon
  3828 | D:5      | Noticed an ogre
  3828 | D:5      | Noticed an ogre
  3830 | D:5      | Noticed zervinho's ghost (amateur SpEn)
  4029 | D:4      | HP: 1/63 [ogre/giant club (10)]
  4031 | D:4      | Killed an ogre
  4031 | D:4      | Reached skill level 4 in Armour
  4031 | D:4      | Gained mutation: You have razor-sharp toenails. [demonic ancestry]
  4031 | D:4      | Reached XP level 6. HP: 1/48 MP: 0/8
  4597 | D:5      | Killed zervinho's ghost
  4597 | D:5      | Reached skill level 5 in Armour
  4597 | D:5      | Gained mutation: You have claws for feet. [demonic ancestry]
  4597 | D:5      | Reached XP level 7. HP: 51/55 MP: 9/9
  4857 | D:5      | Found a bloodstained altar of Trog.
  5312 | D:5      | Reached skill level 6 in Armour
  5318 | D:5      | Gained mutation: You are frail (-10% HP). [mutagenic meat]
  5438 | D:5      | Reached skill level 1 in Shields
  5467 | D:5      | Reached skill level 5 in Fighting
  5467 | D:5      | Reached XP level 8. HP: 14/55 MP: 3/10
  5513 | D:4      | Slain by an orc

Skill      XL: |  1  2  3  4  5  6  7 |
---------------+----------------------+-----
Armour         | 2 3 4 5 6 |  6.4
Axes           | 2 3 4 |  4.2
Dodging        | 1 |  1.5
Fighting       | 4 5 |  5.0
Invocations    | 3 |  3.3
Shields        | 1 |  1.0

Action                   |  1- 3 |  4- 6 |  7- 9 || total
-------------------------+-------+-------+-------++-------
Melee: Hand axe          |   112 |   212 |   215 ||   539
       Kick              |    14 |    45 |    42 ||   101
Invok: Depart the Abyss  |     1 |       |       ||     1
       Bend Space        |       |     1 |       ||     1
       Banish            |       |       |     1 ||     1
  Use: Scroll            |       |     2 |       ||     2
       Potion            |       |     2 |     3 ||     5
  Eat: Chunk             |     2 |     7 |     5 ||    14
       Bread ration      |       |     1 |       ||     1
Armor: Plate armour      |   101 |   175 |   147 ||   423
       Leather armour    |     1 |       |       ||     1
       Skin              |       |       |    31 ||    31
Dodge: Dodged            |    20 |    62 |    49 ||   131
Block: Other             |       |    14 |     2 ||    16
       Buckler           |       |       |    43 ||    43
